Map: Imperio eterno EE

Players

Erik

  • Race: Zerg Zerg
  • League: Grandmaster
  • Spawn Location: 1:00

Special - Winner!

  • Race: Terran Terran
  • League: Master
  • Spawn Location: 7:00

VOD

Have the link to the VOD?

Description

Time

  • Played on: Jan. 13, 2020, 3:04 p.m.
  • Length: 15:47
Show
View Real Time Build Order
Export as new Build Order

Erik Zerg 

Build Orders: Pool First 

Get SALT Encoding   

  12  0:01  Drone  
  13  0:13  Extractor  
  12  0:24  Spawning Pool  
  11  0:28  Drone  
  11  0:33  Drone  
  13  0:37  Drone  
  14  0:49  Overlord  
  14  1:11  Queen  
  14  1:14  Metabolic Boost  
  14  1:17  Drone  
  17  1:20  Drone  
  17  1:25  Drone  
  19  1:29  Zergling x2  
  20  1:49  Hatchery  
  20  1:53  Zergling x2  
  20  1:55  Zergling x2  
  21  2:01  Overlord  
  21  2:13  Zergling x2  
  22  2:21  Zergling x4  
  22  2:22  Zergling x2  
  25  2:30  Zergling x2  
  25  2:39  Queen  
  25  2:41  Overlord  
  27  2:46  Drone  
  28  2:54  Drone x2  
  28  2:58  Drone  
  30  3:02  Drone  
  30  3:03  Drone  
  31  3:14  Drone x2  
  33  3:20  Hatchery  
  33  3:25  Drone x2  
  34  3:32  Drone x3  
  37  3:42  Overlord  
  37  3:45  Drone x2  
  39  3:48  Queen  
  40  3:59  Drone x2  
  40  4:01  Roach Warren  
  41  4:04  Overlord  
  41  4:08  Drone x2  
  41  4:09  Drone  
  44  4:17  Overlord x2  
  44  4:21  Overlord  
  44  4:27  Queen  
  46  4:32  Drone  
  46  4:33  Queen  
  49  4:41  Roach x3  
  49  4:43  Drone x2  
  49  4:44  Drone  
  58  4:48  Drone  
  58  4:49  Drone  
  60  4:55  Drone x4  
  64  5:03  Overlord  
  64  5:07  Extractor, Overlord  
  64  5:08  Extractor  
  64  5:10  Drone x2  
  64  5:16  Roach  
  64  5:19  Roach  
  64  5:20  Roach x3  
  65  5:31  Roach  
  65  5:34  Zergling x14  
  67  5:39  Queen  
  69  5:47  Drone x5  
  70  5:50  Drone x2  
  70  5:55  Drone  
  71  6:01  Drone x2  
  73  6:06  Drone  
  72  6:15  Lair  
  71  6:24  Drone x5  
  75  6:30  Extractor  
  71  6:35  Drone x3  
  71  6:39  Drone  
  72  6:40  Spore Crawler  
  72  6:42  Spore Crawler  
  72  6:43  Spore Crawler  
  72  6:47  Roach x2  
  69  6:50  Queen  
  69  6:52  Roach x3  
  69  6:53  Roach  
  79  7:01  Zergling x10  
  82  7:06  Drone x4  
  88  7:13  Drone  
  88  7:18  Glial Reconstitution  
  88  7:23  Overlord  
  83  7:32  Roach x5  
  88  7:40  Drone x2  
  89  7:45  Overseer  
  89  7:48  Drone x7  
  96  7:52  Spire, Extractor, Drone  
  96  7:53  Drone x2  
  96  7:54  Extractor  
  96  7:55  Drone  
  97  8:01  Pneumatized Carapace  
  97  8:04  Drone, Evolution Chamber  
  97  8:05  Drone  
  98  8:06  Hatchery, Evolution Chamber  
  98  8:08  Overlord  
  96  8:18  Drone x2  
  98  8:21  Baneling Nest  
  98  8:26  Overlord  
  97  8:27  Zergling x2  
  97  8:28  Zergling x12  
  104  8:37  Zerg Melee Weapons Level 1, Zerg Missile Weapons Level 1  
  104  8:39  Overseer  
  104  8:40  Spore Crawler  
  97  8:56  Queen x3  
  103  9:09  Hatchery  
  103  9:11  Corruptor x5  
  113  9:17  Centrifical Hooks  
  113  9:21  Infestation Pit  
  112  9:26  Overlord  
  112  9:27  Roach  
  112  9:29  Overlord x2  
  114  9:32  Zerg Flyer Weapons Level 1  
  114  9:44  Hatchery  
  111  9:46  Roach  
  111  9:47  Roach x12  
  111  9:50  Overlord x2  
  137  10:01  Overlord  
  137  10:02  Overlord x2  
  137  10:13  Roach x8  
  153  10:17  Pathogen Glands  
  153  10:18  Unknown  
  152  10:23  Drone x4  
  152  10:24  Drone  
  157  10:35  Overlord  
  157  10:37  Ravager  
  157  10:38  Ravager x9  
  157  10:40  Zergling x8  
  168  10:52  Zergling x16  
  159  11:04  Corruptor  
  159  11:05  Corruptor x4  
  159  11:10  Zergling x10  
  174  11:15  Baneling x8  
  174  11:17  Baneling  
  174  11:18  Baneling x3  
  168  11:28  Zergling x2  
  168  11:29  Zergling x12  
  168  11:32  Hive  
  174  11:41  Zergling x2  
  174  11:42  Zergling x6  
  174  11:44  Baneling x11  
  171  12:02  Zergling x18  
  173  12:10  Baneling  
  173  12:11  Baneling x8  
  173  12:14  Zergling x2  
  173  12:15  Zergling x4  
  168  12:27  Infestor x2  
  168  12:28  Infestor  
  159  12:34  Drone x5  
  160  12:39  Hatchery  
  159  12:47  Drone x5  
  163  12:55  Hatchery  
  163  12:57  Extractor  
  155  13:00  Extractor, Zerg Melee Weapons Level 2, Zerg Missile Weapons Level 2  
  155  13:02  Zergling x12  
  160  13:07  Spine Crawler  
  158  13:17  Viper x2  
  160  13:21  Unknown  
  153  13:33  Zergling x24  
  153  13:36  Viper x2  
  153  13:39  Zergling x14  
  165  13:41  Ravager  
  137  14:02  Zergling x16  
  136  14:09  Drone x7  
  137  14:16  Drone x3  
  135  14:19  Spine Crawler x2  
  131  14:27  Zergling x6  
  122  14:35  Roach x6  
  125  14:40  Roach x2  
  123  14:52  Roach x2  
  114  14:55  Roach  
  114  14:56  Roach x4  
  114  15:01  Roach  
  114  15:06  Roach  
  114  15:07  Roach  
  84  15:15  Roach x2  
  84  15:16  Roach x2  
  86  15:25  Roach  
  86  15:26  Roach x2  
Show
View Real Time Build Order
Export as new Build Order

Special Terran - Winner!

Build Orders: Reaper Expand 

Get SALT Encoding   

  12  0:01  SCV  
  13  0:13  SCV  
  14  0:19  Supply Depot  
  14  0:25  SCV  
  15  0:41  SCV  
  16  0:42  Barracks  
  16  0:46  Refinery  
  16  0:53  SCV  
  17  1:05  SCV  
  18  1:17  SCV  
  19  1:30  Reaper  
  19  1:31  Orbital Command  
  20  1:42  Command Center  
  20  1:53  Supply Depot  
  20  1:57  SCV  
  21  2:02  Marine  
  21  2:07  Factory  
  22  2:09  SCV  
  23  2:15  Refinery  
  23  2:21  SCV  
  24  2:24  Barracks Reactor  
  24  2:33  SCV  
  24  2:44  Command Center  
  24  2:45  SCV  
  25  2:52  Hellion  
  25  2:56  Starport  
  27  3:00  Marine  
  27  3:01  Marine  
  27  3:03  SCV  
  30  3:08  Supply Depot  
  30  3:15  SCV  
  31  3:27  Barracks Tech Lab  
  31  3:30  Hellion x2  
  35  3:35  Viking  
  35  3:38  SCV  
  38  3:56  Hellion x2, Marauder  
  44  4:04  SCV  
  44  4:07  Medivac  
  47  4:13  Armory  
  47  4:17  Marauder  
  47  4:20  Orbital Command  
  49  4:25  Hellion  
  49  4:28  Hellion  
  49  4:31  Concussive Shells  
  53  4:36  SCV  
  53  4:37  Supply Depot  
  54  4:58  SCV x2  
  54  4:59  Marauder, Hellion x2  
  62  5:10  Supply Depot  
  62  5:23  Starport Tech Lab  
  62  5:24  SCV x2  
  60  5:32  Hellion x2  
  62  5:36  SCV x2  
  62  5:48  SCV x2  
  60  5:50  Banshee  
  56  5:58  Command Center  
  56  5:59  Cloaking Field  
  56  6:01  SCV x2  
  58  6:06  Supply Depot  
  58  6:07  Hellion  
  58  6:09  Hellion  
  62  6:13  SCV x2  
  62  6:17  Supply Depot  
  64  6:25  SCV x2, Supply Depot  
  66  6:29  Factory  
  66  6:34  Hellion  
  66  6:35  Hellion  
  66  6:36  Hellion x2  
  66  6:37  SCV x2  
  70  6:40  Banshee  
  70  6:43  Factory  
  73  6:47  Refinery  
  73  6:48  Refinery  
  73  6:49  SCV x2  
  73  6:51  Barracks Tech Lab  
  75  6:56  Supply Depot  
  75  6:57  Hellion x2  
  79  7:01  SCV  
  80  7:08  SCV  
  80  7:10  Terran Vehicle Weapons Level 1  
  80  7:13  Supply Depot  
  81  7:17  Orbital Command  
  81  7:19  Hellion x2  
  85  7:26  SCV  
  85  7:27  SCV  
  81  7:31  Cyclone  
  81  7:33  Banshee  
  79  7:38  SCV  
  79  7:39  SCV  
  79  7:40  Hellion x2  
  79  7:45  SCV, Cyclone  
  79  7:50  SCV  
  82  7:51  SCV  
  82  7:53  Refinery  
  82  7:54  Refinery  
  82  7:55  Barracks Reactor  
  82  7:58  SCV, Factory x2  
  84  8:00  Supply Depot  
  84  8:02  SCV  
  84  8:03  SCV  
  84  8:04  Supply Depot  
  86  8:08  Hellion x2  
  86  8:09  Mag-Field Accelerator  
  86  8:10  SCV  
  91  8:13  Cyclone  
  91  8:14  SCV  
  91  8:19  Cyclone  
  98  8:22  SCV x2  
  98  8:26  SCV, Supply Depot  
  101  8:27  Engineering Bay  
  101  8:28  Armory  
  102  8:34  SCV x2  
  102  8:38  Hellion x2  
  102  8:39  SCV  
  108  8:50  SCV  
  108  8:51  SCV  
  108  8:52  Command Center  
  107  9:01  SCV  
  108  9:04  Cyclone x2  
  114  9:10  Hellion x3  
  114  9:14  Cyclone  
  123  9:17  Terran Vehicle And Ship Armor Level 1  
  123  9:19  Terran Vehicle Weapons Level 2  
  123  9:25  Missile Turret  
  123  9:26  Missile Turret  
  123  9:29  Supply Depot  
  123  9:31  Missile Turret  
  123  9:33  Infernal Pre-Igniter  
  123  9:36  Cyclone  
  126  9:40  Hellion  
  126  9:41  Hellion x3  
  126  9:42  Siege Tank  
  137  9:46  Siege Tank  
  137  9:49  SCV x3  
  143  9:57  Supply Depot  
  143  10:01  Missile Turret  
  143  10:04  Hellion x3  
  143  10:06  Hellion  
  151  10:08  Siege Tank  
  152  10:15  SCV, Siege Tank  
  152  10:16  SCV  
  152  10:17  Factory x2  
  157  10:27  Hellion x4, Unknown  
  165  10:31  Planetary Fortress  
  165  10:40  Siege Tank  
  168  10:44  Supply Depot  
  168  10:45  SCV  
  168  10:47  Siege Tank  
  168  10:48  SCV  
  162  11:01  Hellion x3  
  162  11:02  Hellion, Factory Tech Lab  
  170  11:04  Siege Tank  
  170  11:07  Supply Depot  
  170  11:12  Factory Tech Lab  
  170  11:13  Siege Tank  
  168  11:26  Hellion x4, Command Center  
  168  11:27  Siege Tank x2  
  182  11:35  Terran Vehicle And Ship Armor Level 2  
  182  11:36  Siege Tank  
  182  11:41  Hellion  
  182  11:45  Hellion  
  186  11:47  Hellion x2  
  185  11:59  Supply Depot  
  185  12:01  Supply Depot  
  183  12:21  Supply Depot, Hellion x3  
  189  12:23  Siege Tank x2  
  189  12:24  Siege Tank  
  189  12:25  Hellion  
  189  12:26  Siege Tank  
  172  12:31  Hellion  
  170  12:42  Hellion x2  
  170  12:43  Starport Reactor  
  168  12:52  Siege Tank  
  168  12:55  Siege Tank  
  168  12:58  Command Center  
  162  12:59  Hellion x2, Siege Tank x2  
  162  13:05  Siege Tank  
  173  13:07  Planetary Fortress  
  168  13:20  Missile Turret  
  168  13:24  Cyclone  
  168  13:26  Hellion  
  142  13:27  Hellion  
  142  13:30  Hellion  
  142  13:32  Hellion  
  143  13:37  Hellion x2  
  143  13:41  Hellion x2  
  151  13:47  Hellion  
  153  13:49  Command Center  
  153  13:51  Hellion  
  153  13:53  Hellion  
  137  13:56  Cyclone  
  137  13:59  Hellion x2  
  137  14:02  Hellion  
  143  14:06  Hellion  
  145  14:12  Hellion  
  145  14:14  Siege Tank  
  146  14:21  Cyclone, Hellion x2  
  153  14:24  Command Center  
  153  14:29  Missile Turret  
  153  14:32  Cyclone, Hellion  
  153  14:36  Hellion  
  160  14:44  Cyclone, Hellion  
  165  14:49  Cyclone  
  165  14:50  Hellion  
  164  14:53  Hellion  
  164  15:01  Cyclone  
  164  15:04  Cyclone  
  167  15:25  Hellion  
Tags
 
Add a new tag
Caveats
  • Supply blocks, unpowered buildings, or Contaminate may cause inaccurate times.
  • Supply counts are checked every 10 seconds.